HSSL
BISHOP GORMAN HS BALBASAURS @ RANDALL HS RAIDERS
04/02/2029
 
TOP OF THE 1ST
Bishop Gorman HS Balbasaurs batting - Pitching for Randall HS Raiders : LHP Robbie Dukes
Pitching: LHP Robbie Dukes
Batting: RHB Lynwood Bryant 0-0: DOUBLE (Groundball, 5L)
Batting: RHB Júlio García 0-0: SINGLE (Groundball, 6MD)
Lynwood Bryant to third
Runner from 3rd tries for Home, SAFE, throw made home
Júlio García to second
Batting: LHB Guillermo Peña 0-0: Ball
1-0: Called Strike
1-1: Ball
2-1: Swinging Strike
2-2: SINGLE (Flyball, 78M)
Júlio García to third
Batting: RHB José Díaz 0-0: Called Strike
0-1: Swinging Strike
0-2: Ball
1-2: Strikes out swinging
Batting: LHB Daniel Smith 0-0: Ball
1-0: DOUBLE (Line Drive, 78XD)
Júlio García scores
Guillermo Peña to third
Runner from 3rd tries for Home, SAFE, no throw
Batting: SHB Cisco Moreno 0-0: Called Strike
0-1: Foul Ball, location: 2F
0-2: Ball
1-2: Ball
2-2: Ball
3-2: Foul Ball, location: 2F
3-2: Base on Balls
Batting: RHB Scotty Humphrey 0-0: Called Strike
0-1: Called Strike
0-2: Ball
1-2: Foul Ball, location: 2F
1-2: Foul Ball, location: 2F
1-2: Fly out, F9 (Flyball, 9)
Batting: RHB Jimmy Martin 0-0: Called Strike
0-1: Ball
1-1: SINGLE (Groundball, 56D)
Daniel Smith to third
Cisco Moreno to second
Runner from 3rd tries for Home, SAFE, throw made home
Batting: LHB Michel Gélinas 0-0: Ball
1-0: Foul Ball, location: 2F
1-1: SINGLE (Flyball, 6D)
Cisco Moreno to third
Jimmy Martin to second
Runner from 3rd tries for Home, SAFE, no throw
Batting: RHB Lynwood Bryant 0-0: Ball
1-0: Ball
2-0: Swinging Strike
2-1: Swinging Strike
2-2: Strikes out swinging
Top of the 1st over - 5 runs, 6 hits, 0 errors, 2 left on base; Bishop Gorman HS 5 - Randall HS 0
BOTTOM OF THE 1ST
Randall HS Raiders batting - Pitching for Bishop Gorman HS Balbasaurs : RHP Marvin Hopper
Pitching: RHP Marvin Hopper
Batting: LHB José Gonzáles 0-0: Called Strike
0-1: Ground out 3-1 (Groundball, 3S)
Batting: LHB Buddy Jones 0-0: Ball
1-0: Fly out, F7 (Flyball, 7S)
Batting: LHB Robert Wright 0-0: SINGLE (Groundball, 6MD)
Batting: RHB John Zhu 0-0: Called Strike
0-1: Foul Ball, location: 2F
0-2: Ball
1-2: Foul Ball, location: 2F
1-2: Ground out 4-3 (Groundball, 4)
Bottom of the 1st over - 0 runs, 1 hit, 0 errors, 1 left on base; Bishop Gorman HS 5 - Randall HS 0
TOP OF THE 2ND
Bishop Gorman HS Balbasaurs batting - Pitching for Randall HS Raiders : LHP Robbie Dukes
Batting: RHB Júlio García 0-0: Ball
1-0: Ground out 6-3 (Groundball, 56)
Batting: LHB Guillermo Peña 0-0: Swinging Strike
0-1: Ball
1-1: Swinging Strike
1-2: Ball
2-2: Strikes out swinging
Batting: RHB José Díaz 0-0: Swinging Strike
0-1: Called Strike
0-2: Ball
1-2: Foul Ball, location: 2F
1-2: Foul Ball, location: 2F
1-2: SOLO HOME RUN (Flyball, 7LD), Distance : 342 ft
Batting: LHB Daniel Smith 0-0: Ball
1-0: Swinging Strike
1-1: SINGLE (Groundball, 4D)
Batting: SHB Cisco Moreno 0-0: Fly out, F7 (Flyball, 78M)
Top of the 2nd over - 1 run, 2 hits, 0 errors, 1 left on base; Bishop Gorman HS 6 - Randall HS 0
BOTTOM OF THE 2ND
Randall HS Raiders batting - Pitching for Bishop Gorman HS Balbasaurs : RHP Marvin Hopper
Batting: RHB Don Ulrich 0-0: Ball
1-0: Foul Ball, location: 2F
1-1: Called Strike
1-2: Strikes out looking
Batting: RHB Cory Douglas 0-0: Foul Ball, location: 2F
0-1: Ball
1-1: Fly out, F6 (Line Drive, 6)
Batting: RHB Jesús Salazar 0-0: Ball
1-0: Fly out, F8 (Flyball, 89D)
Bottom of the 2nd over - 0 runs, 0 hits, 0 errors, 0 left on base; Bishop Gorman HS 6 - Randall HS 0
TOP OF THE 3RD
Bishop Gorman HS Balbasaurs batting - Pitching for Randall HS Raiders : LHP Robbie Dukes
Batting: RHB Scotty Humphrey 0-0: Called Strike
0-1: Swinging Strike
0-2: Foul Ball, location: 2F
0-2: Ground out 4-3 (Groundball, 4S)
Batting: RHB Jimmy Martin 0-0: Ball
1-0: Called Strike
1-1: Foul Ball, location: 2F
1-2: Ball
2-2: Ball
3-2: Foul Ball, location: 2F
3-2: Strikes out looking
Batting: LHB Michel Gélinas 0-0: Called Strike
0-1: Ball
1-1: Swinging Strike
1-2: Strikes out swinging
Top of the 3rd over - 0 runs, 0 hits, 0 errors, 0 left on base; Bishop Gorman HS 6 - Randall HS 0
BOTTOM OF THE 3RD
Randall HS Raiders batting - Pitching for Bishop Gorman HS Balbasaurs : RHP Marvin Hopper
Batting: RHB Brody Sexton 0-0: Called Strike
0-1: DOUBLE (Flyball, 78D)
Batting: RHB Luis Sánchez 0-0: Ground out 6-3 (Groundball, 6)
Batting: LHB José Gonzáles 0-0: Ball
1-0: SINGLE (Groundball, 34D)
Brody Sexton to third
Batting: LHB Buddy Jones 0-0: Called Strike
0-1: Ball
1-1: 3-RUN HOME RUN (Flyball, 9LD), Distance : 346 ft
Batting: LHB Robert Wright 0-0: Ball
1-0: Ground out U3 (Groundball, 3)
Batting: RHB John Zhu 0-0: Called Strike
0-1: Foul Ball, location: 2F
0-2: Ball
1-2: Ball
2-2: Strikes out swinging
Bottom of the 3rd over - 3 runs, 3 hits, 0 errors, 0 left on base; Bishop Gorman HS 6 - Randall HS 3
TOP OF THE 4TH
Bishop Gorman HS Balbasaurs batting - Pitching for Randall HS Raiders : LHP Robbie Dukes
Batting: RHB Lynwood Bryant 0-0: Called Strike
0-1: Ball
1-1: Called Strike
1-2: Ball
2-2: Ball
3-2: Ground out 5-3 (Groundball, 56S)
Batting: RHB Júlio García 0-0: Ball
1-0: Ball
2-0: Swinging Strike
2-1: Ground out U3 (Groundball, 3)
Batting: LHB Guillermo Peña 0-0: Called Strike
0-1: Ground out 1-3 (Groundball, 13)
Top of the 4th over - 0 runs, 0 hits, 0 errors, 0 left on base; Bishop Gorman HS 6 - Randall HS 3
BOTTOM OF THE 4TH
Randall HS Raiders batting - Pitching for Bishop Gorman HS Balbasaurs : RHP Marvin Hopper
Batting: RHB Don Ulrich 0-0: Swinging Strike
0-1: Ball
1-1: Swinging Strike
1-2: Ground out U3 (Groundball, 34S)
Batting: RHB Cory Douglas 0-0: Called Strike
0-1: Ball
1-1: Foul Ball, location: 2F
1-2: Ball
2-2: Strikes out swinging
Batting: RHB Jesús Salazar 0-0: Ball
1-0: SINGLE (Groundball, 34D)
Batting: RHB Brody Sexton 0-0: Called Strike
0-1: Ball
1-1: Ball
2-1: Swinging Strike
2-2: Strikes out swinging
Bottom of the 4th over - 0 runs, 1 hit, 0 errors, 1 left on base; Bishop Gorman HS 6 - Randall HS 3
TOP OF THE 5TH
Bishop Gorman HS Balbasaurs batting - Pitching for Randall HS Raiders : LHP Robbie Dukes
Pitching: RHP Tim Ford
Batting: RHB José Díaz 0-0: Ball
1-0: Called Strike
1-1: Fly out, F8 (Flyball, 8RD)
Batting: LHB Daniel Smith 0-0: Swinging Strike
0-1: Foul Ball, location: 2F
0-2: Ball
1-2: Foul Ball, location: 2F
1-2: Ball
2-2: Ball
3-2: Fly out, F9 (Flyball, 9S)
Batting: SHB Cisco Moreno 0-0: Fly out, F8 (Flyball, 8RM)
Top of the 5th over - 0 runs, 0 hits, 0 errors, 0 left on base; Bishop Gorman HS 6 - Randall HS 3
BOTTOM OF THE 5TH
Randall HS Raiders batting - Pitching for Bishop Gorman HS Balbasaurs : RHP Marvin Hopper
Batting: RHB Luis Sánchez 0-0: Called Strike
0-1: Swinging Strike
0-2: Foul Ball, location: 2F
0-2: SINGLE (Line Drive, 4)
Batting: LHB José Gonzáles 0-0: Called Strike
0-1: Called Strike
0-2: Fielders Choice at 2nd, 1-6 (Groundball, P)
Batting: LHB Buddy Jones 0-0: Ball
1-0: Ball
2-0: SINGLE (Groundball, 34D)
José Gonzáles to second
Runner from 2nd tries for 3rd, OUT!
Buddy Jones to second
Batting: LHB Robert Wright 0-0: Called Strike
0-1: Ball
1-1: SINGLE (Groundball, 34D)
Buddy Jones to third
Runner from 3rd tries for Home, SAFE, throw made home
Robert Wright to second
Batting: RHB John Zhu 0-0: Fly out, F9 (Flyball, 9S)
Bottom of the 5th over - 1 run, 3 hits, 0 errors, 1 left on base; Bishop Gorman HS 6 - Randall HS 4
TOP OF THE 6TH
Bishop Gorman HS Balbasaurs batting - Pitching for Randall HS Raiders : RHP Tim Ford
Batting: RHB Scotty Humphrey 0-0: Foul Ball, location: 2F
0-1: Ball
1-1: Swinging Strike
1-2: Strikes out looking
Batting: RHB Jimmy Martin 0-0: Ball
1-0: Ball
2-0: Foul Ball, location: 2F
2-1: SINGLE (Flyball, 7LS)
Batting: LHB Michel Gélinas 0-0: Called Strike
0-1: Swinging Strike
0-2: Strikes out swinging
Batting: RHB Lynwood Bryant 0-0: Called Strike
0-1: Ball
1-1: Ball
2-1: SINGLE (Groundball, 6D)
Jimmy Martin to second
Batting: RHB Júlio García 0-0: Ball
1-0: Swinging Strike
1-1: SINGLE (Groundball, 56S) (infield hit)
Jimmy Martin to third
Lynwood Bryant to second
Batting: LHB Guillermo Peña 0-0: Called Strike
0-1: Called Strike
0-2: Ball
1-2: Ground out 4-3 (Groundball, 4)
Top of the 6th over - 0 runs, 3 hits, 0 errors, 3 left on base; Bishop Gorman HS 6 - Randall HS 4
BOTTOM OF THE 6TH
Randall HS Raiders batting - Pitching for Bishop Gorman HS Balbasaurs : RHP Marvin Hopper
Batting: RHB Don Ulrich 0-0: Ball
1-0: Ball
2-0: Foul Ball, location: 2F
2-1: Ball
3-1: Base on Balls
Batting: RHB Cory Douglas 0-0: Ball
1-0: Reached on error, E5 (Groundball, 56)
Don Ulrich to second
Batting: RHB Jesús Salazar 0-0: Swinging Strike
0-1: Grounds into double play, 6-4-3 (Groundball, 6)
Don Ulrich to third
Batting: RHB Brody Sexton 0-0: Ball
1-0: Ball
2-0: Ball
3-0: Called Strike
3-1: Base on Balls
Batting: RHB Luis Sánchez 0-0: Fly out, F8 (Flyball, 8RS)
Bottom of the 6th over - 0 runs, 0 hits, 1 error, 2 left on base; Bishop Gorman HS 6 - Randall HS 4
TOP OF THE 7TH
Bishop Gorman HS Balbasaurs batting - Pitching for Randall HS Raiders : RHP Tim Ford
Batting: RHB José Díaz 0-0: Called Strike
0-1: Ball
1-1: Ball
2-1: Ball
3-1: Foul Ball, location: 2F
3-2: Base on Balls
Batting: LHB Daniel Smith 0-0: DOUBLE (Groundball, 3L)
José Díaz to third
Batting: SHB Cisco Moreno 0-0: Intentional Walk
Batting: RHB Scotty Humphrey 0-0: Ball
1-0: Foul Ball, location: 2F
1-1: DOUBLE (Flyball, 78XD)
José Díaz scores
Daniel Smith scores
Cisco Moreno to third
Batting: RHB Jimmy Martin 0-0: Intentional Walk
Pitching: LHP George Knight
Batting: LHB Michel Gélinas 0-0: Foul Ball, location: 2F
0-1: Ball
1-1: Swinging Strike
1-2: Fly out, F7 (Flyball, 7)
Batting: RHB Lynwood Bryant 0-0: Called Strike
0-1: Ball
1-1: Swinging Strike
1-2: Grounds into fielders choice 6-2 (Groundball, 6)
Scotty Humphrey to third
Jimmy Martin to second
Batting: RHB Júlio García 0-0: Called Strike
0-1: Foul Ball, location: 2F
0-2: Ball
1-2: Fly out, F7 (Flyball, 78S)
Top of the 7th over - 2 runs, 2 hits, 0 errors, 3 left on base; Bishop Gorman HS 8 - Randall HS 4
BOTTOM OF THE 7TH
Randall HS Raiders batting - Pitching for Bishop Gorman HS Balbasaurs : RHP Marvin Hopper
Batting: LHB José Gonzáles 0-0: Ball
1-0: Ball
2-0: Ball
3-0: Called Strike
3-1: Base on Balls
Pitching: RHP Manuel Ramírez
Batting: LHB Buddy Jones 0-0: Foul Ball, location: 2F
0-1: Ball
1-1: Ball
2-1: Swinging Strike
2-2: Ball
3-2: Foul Ball, location: 2F
3-2: Base on Balls
José Gonzáles to second
Batting: LHB Robert Wright 0-0: Called Strike
0-1: Called Strike
0-2: Ball
1-2: Ball
2-2: Foul Ball, location: 2F
2-2: Fly out, F4 (Popup, 3DF)
Batting: RHB John Zhu 0-0: Called Strike
0-1: Foul Ball, location: 2F
0-2: Reached on error, E5 (Groundball, 5)
José Gonzáles to third
Buddy Jones to second
Batting: RHB Don Ulrich 0-0: Ball
1-0: Ball
2-0: Ball
3-0: Base on Balls
José Gonzáles scores
Buddy Jones to third
John Zhu to second
Batting: RHB Cory Douglas 0-0: SINGLE (Groundball, 5L) (infield hit)
Buddy Jones scores
John Zhu to third
Don Ulrich to second
Batting: RHB Jesús Salazar 0-0: Called Strike
0-1: Fly out, F9 (Flyball, 9)
Runner from 3rd tags up, OUT at HOME
Bottom of the 7th over - 2 runs, 1 hit, 1 error, 2 left on base; Bishop Gorman HS 8 - Randall HS 6
TOP OF THE 8TH
Bishop Gorman HS Balbasaurs batting - Pitching for Randall HS Raiders : LHP George Knight
Batting: LHB Guillermo Peña 0-0: Ball
1-0: Foul Ball, location: 2F
1-1: SINGLE (Groundball, 56S) (infield hit)
Batting: RHB José Díaz 0-0: Ball
1-0: Called Strike
1-1: Called Strike
1-2: Ball
2-2: Strikes out swinging
Batting: LHB Daniel Smith 0-0: Reached on error, E6 (Groundball, 6)
Guillermo Peña to second
Batting: SHB Cisco Moreno 0-0: Swinging Strike
0-1: Ball
1-1: Ball
2-1: Ground out 6-3 (Groundball, 6MS)
Guillermo Peña to third
Daniel Smith to second
Batting: RHB Scotty Humphrey 0-0: Foul Ball, location: 2F
0-1: Ball
1-1: SINGLE (Line Drive, 5S)
Guillermo Peña scores
Daniel Smith to third
Runner from 3rd tries for Home, throw and OUT!
Top of the 8th over - 1 run, 2 hits, 1 error, 1 left on base; Bishop Gorman HS 9 - Randall HS 6
BOTTOM OF THE 8TH
Randall HS Raiders batting - Pitching for Bishop Gorman HS Balbasaurs : RHP Manuel Ramírez
Batting: RHB Brody Sexton 0-0: Called Strike
0-1: Ground out U3 (Groundball, 34)
Batting: RHB Luis Sánchez 0-0: Foul Ball, location: 2F
0-1: Foul Ball, location: 2F
0-2: Ball
1-2: Ball
2-2: Strikes out swinging
Batting: LHB José Gonzáles 0-0: Ball
1-0: Called Strike
1-1: Ball
2-1: Called Strike
2-2: SINGLE (Flyball, 78M)
Batting: LHB Buddy Jones 0-0: Ball
1-0: Foul Ball, location: 2F
1-1: Ball
2-1: Ground out 5-3 (Groundball, 56)
Bottom of the 8th over - 0 runs, 1 hit, 0 errors, 1 left on base; Bishop Gorman HS 9 - Randall HS 6
TOP OF THE 9TH
Bishop Gorman HS Balbasaurs batting - Pitching for Randall HS Raiders : LHP George Knight
Batting: RHB Jimmy Martin 0-0: Foul Ball, location: 2F
0-1: Foul Ball, location: 2F
0-2: Ball
1-2: Foul Ball, location: 2F
1-2: SOLO HOME RUN (Flyball, 78XD), Distance : 397 ft
Batting: LHB Michel Gélinas 0-0: Foul Ball, location: 2F
0-1: Ball
1-1: Called Strike
1-2: Strikes out swinging, 2-3 out at first.
Batting: RHB Lynwood Bryant 0-0: Called Strike
0-1: Called Strike
0-2: SINGLE (Line Drive, 78S)
Batting: RHB Júlio García 0-0: Ball
1-0: SINGLE (Groundball, 56D)
Lynwood Bryant to second
Batting: LHB Guillermo Peña 0-0: Ball
1-0: Ball
2-0: Ball
3-0: Called Strike
3-1: Foul Ball, location: 2F
3-2: Foul Ball, location: 2F
3-2: Base on Balls
Lynwood Bryant to third
Júlio García to second
Batting: RHB José Díaz 0-0: Foul Ball, location: 2F
0-1: Ball
1-1: Ball
2-1: SINGLE (Groundball, 56D)
Lynwood Bryant scores
Júlio García to third
Guillermo Peña to second
Pitching: LHP Bill Bond
Batting: LHB Daniel Smith 0-0: Ball
1-0: Fly out, F6 (Popup, 56S)
Batting: SHB Cisco Moreno 0-0: Ball
1-0: Called Strike
1-1: DOUBLE (Groundball, 5L)
Júlio García scores
Guillermo Peña scores
José Díaz to third
Batting: RHB Scotty Humphrey 0-0: Ball
1-0: Foul Ball, location: 2F
1-1: Ball
2-1: Swinging Strike
2-2: Ball
3-2: Strikes out swinging
Top of the 9th over - 4 runs, 5 hits, 0 errors, 2 left on base; Bishop Gorman HS 13 - Randall HS 6
BOTTOM OF THE 9TH
Randall HS Raiders batting - Pitching for Bishop Gorman HS Balbasaurs : RHP Manuel Ramírez
Now at 2B: Chris Cox
Batting: LHB Robert Wright 0-0: Called Strike
0-1: Ball
1-1: Ground out 3-1 (Groundball, 34)
Batting: RHB John Zhu 0-0: Fly out, F3 (Flyball, 3D)
Batting: RHB Don Ulrich 0-0: Called Strike
0-1: Foul Ball, location: 2F
0-2: Ball
1-2: Ball
2-2: Ball
3-2: Base on Balls
Batting: RHB Cory Douglas 0-0: Fielders Choice at 2nd, 6-4 (Groundball, 56)
Bottom of the 9th over - 0 runs, 0 hits, 0 errors, 1 left on base; Bishop Gorman HS 13 - Randall HS 6
Saturday, December 16th, 2017 - OOTP Baseball 18.8 Build 76